 Dungeon Crawl Stone Soup version 0.18.1-8-gdd0e5ea (webtiles) character file.

399 M4edhros the Charlatan (level 6, -3/44 HPs)
             Began as a Mummy Artificer on June 3, 2016.
             Slain by a giant frog zombie (4 damage)
             ... on level 6 of the Dungeon.
             The game lasted 00:05:55 (5814 turns).

M4edhros the Charlatan (Mummy Artificer)            Turns: 5814, Time: 00:05:56

Health: -3/44      AC: 10    Str: 14    XL:     6   Next: 54%
Magic:  10/10      EV:  5    Int: 17    God:
Gold:   226        SH:  5    Dex: 15    Spells: 0 memorised, 5 levels left

rFire  . . .     SeeInvis .     D - +0 falchion
rCold  . . .     Gourm    .     w - +1 chain mail of the Realm of Zot {Int+6} (curse)
rNeg   + + +     Faith    .     E - +2 buckler
rPois  ∞         Spirit   .     z - +0 helmet
rElec  .         Dismiss  .     (no cloak)
rCorr  .         Reflect  .     (no gloves)
SustAt +         Harm     .     (no boots)
MR     .....                    (no amulet)
Stlth  ..........               A - ring of sustain attributes
                                u - ring of fire

@: not resistant to hostile enchantments, extremely unstealthy
A: no food or potions, fire vulnerability, cold resistance 1, negative energy
resistance 3, torment resistance, unbreathing
a: no special abilities


You were on level 6 of the Dungeon.
You were not hungry.

You visited 1 branch of the dungeon, and saw 6 of its levels.

You collected 268 gold pieces.
You spent 42 gold pieces at shops.

Inventory:

Hand Weapons
 a - a +0 short sword
 k - a +0 vampiric dagger
 o - a +0 blowgun
 D - a +0 falchion (weapon)
Missiles
 n - 6 tomahawks of returning (quivered)
 p - 13 poisoned needles
Armour
 b - a +0 leather armour
 l - a +0 ring mail
 t - a +0 plate armour
 v - a +0 leather armour of magic resistance
 w - the cursed +1 chain mail of the Realm of Zot (worn) {Int+6}
   (You found it on level 4 of the Dungeon)

   It affects your intelligence (+6).
   It has a curse placed upon it.
 z - a +0 helmet (worn)
 E - a +2 buckler (worn)
Jewellery
 u - a ring of fire (left hand)
 A - a ring of sustain attributes (right hand)
Wands
 c - a wand of flame (0/48)
 d - a wand of enslavement (9/24)
 e - a wand of random effects (4/48)
 y - a wand of enslavement (12/24)
Scrolls
 f - 2 scrolls of fear
 g - 3 scrolls of identify {unknown}
 h - 4 scrolls of remove curse {unknown}
 i - 3 scrolls of enchant armour {unknown}
 j - 2 scrolls of enchant weapon {unknown}
 m - 2 scrolls of amnesia {unknown}
 q - a scroll of teleportation {unknown}
 r - a scroll of magic mapping {unknown}
 s - 2 scrolls of noise {unknown}
 x - 3 scrolls of random uselessness {unknown}
 C - a scroll of immolation {unknown}
Books
 B - a Fen Folio

   Spells                             Type                      Level
   a - Corpse Rot                     Necromancy                   2
   b - Stone Arrow                    Conjuration/Earth            3
   c - Leda's Liquefaction            Hexes/Earth                  4
   d - Summon Forest                  Summoning/Translocation      5
   e - Hydra Form                     Transmutation                6
   f - Summon Hydra                   Summoning                    7


   Skills:
 + Level 2.2 Fighting
 - Level 0.7 Short Blades
 - Level 1.5 Dodging
 - Level 0.7 Stealth
 + Level 5.9 Evocations


You had 5 spell levels left.
You didn't know any spells.

Dungeon Overview and Level Annotations

Branches:
Dungeon (6/15)
 Temple: D:4-7

Altars:
Ru
Yredelemnul

Shops:
D:5 *   D:6 [


Innate Abilities, Weirdness & Mutations

You do not eat or drink.
Your flesh is vulnerable to fire.
You are immune to poison.
Your flesh is cold resistant.
You are immune to negative energy.
You are immune to unholy pain and torment.
You can survive without breathing.


Message History

Aim: a giant frog zombie The puff of flame hits the giant frog zombie.
This wand has 1 charge left.
The giant frog zombie hits you.
* * * LOW HITPOINT WARNING * * *
Evoke which item? (* to show all) (? for menu, Esc to quit)
Zapping:
c - a wand of flame (1/48)
Press: ? - help, Shift-Dir - straight line, f/p - giant frog zombie
Aim: a giant frog zombie The puff of flame hits the giant frog zombie.
This wand has 0 charges left.
The giant frog zombie hits you.
* * * LOW HITPOINT WARNING * * *
Evoke which item? (* to show all) (? for menu, Esc to quit)
Okay, then.
You hit the giant frog zombie.
The giant frog zombie hits you but does no damage. x2
You hit the giant frog zombie.
The giant frog zombie hits you but does no damage.
You hit the giant frog zombie but do no damage.
The giant frog zombie hits you.
You die...

#..........####.#
......#.....# #.#
#####.#.....# #.####
##+####### #....# #...#
####.# .....# ### #.# #
..>...# ##.###.# ####
....)..####...##.########
...+
.......†.Z@..............
#.##
.......####......########
8.# ...[..# ##..#..# ###
>....# ##..%## #...#
##.## ##+# #)# #.# #.#
###### #.# #.#
.....###.## #.#


You could see a giant frog zombie.

Vanquished Creatures
  A giant frog (D:6)
  A hound (D:6)
  2 orc wizards
  A jelly (D:5)
  A giant frog skeleton (D:5)
  2 iguanas (D:5)
  2 hound skeletons
  A howler monkey zombie (D:5)
  A howler monkey skeleton (D:4)
  3 adders
  2 worms
  2 giant geckos
  5 orcs
  3 giant cockroaches
  4 goblins
  4 hobgoblins
  6 jackals (D:1)
  3 kobolds
  2 bats
  3 giant newts
  5 rats
54 creatures vanquished.

Vanquished Creatures (collateral kills)
  A crimson imp (D:5)
  A worm (D:3)
  An orc (D:4)
  A goblin (D:3)
  A jackal (D:3)
5 creatures vanquished.

Vanquished Creatures (others)
  2 orcs
2 creatures vanquished.

Grand Total: 61 creatures vanquished

Notes
Turn   | Place    | Note
--------------------------------------------------------------
     0 | D:1      | M4edhros the Mummy Artificer began the quest for the Orb.
     0 | D:1      | Reached XP level 1. HP: 15/15 MP: 2/2
   603 | D:1      | Reached XP level 2. HP: 14/21 MP: 4/4
   605 | D:1      | Reached skill level 3 in Evocations
  1168 | D:1      | HP: 1/21 [adder (4)]
  1169 | D:1      | Reached XP level 3. HP: 1/26 MP: 5/5
  1862 | D:3      | Found a sacrificial altar of Ru.
  2389 | D:3      | Found a faded altar to an unknown god.
  2468 | D:3      | Reached skill level 4 in Evocations
  2514 | D:3      | Reached XP level 4. HP: 11/32 MP: 7/7
  2945 | D:4      | HP: 1/32 [orc/trident (2)]
  3426 | D:4      | Got a warped chain mail
  3433 | D:4      | Found a basalt altar of Yredelemnul.
  3440 | D:4      | Identified the cursed +1 chain mail of the Realm of Zot {Int+6} (You found it on level 4 of the Dungeon)
  3482 | D:4      | Reached XP level 5. HP: 32/37 MP: 8/8
  3761 | D:5      | Entered Level 5 of the Dungeon
  4137 | D:5      | Found Syryxt's General Store.
  4141 | D:5      | Bought a scroll of fear for 42 gold pieces
  4198 | D:5      | Reached skill level 5 in Evocations
  4575 | D:5      | Noticed an ogre
  4628 | D:5      | an ogre changed into a worm
  4947 | D:6      | Found Doybu's Armour Shop.
  5051 | D:5      | Reached XP level 6. HP: 12/43 MP: 10/10
  5811 | D:6      | HP: 1/44 [giant frog zombie (2)]
  5814 | D:6      | Slain by a giant frog zombie

Skill      XL: |  1  2  3  4  5  6 |
---------------+-------------------+-----
Evocations     | 3 4 5 |  5.9
Fighting       | 2 |  2.2
Short Blades   | |  0.7
Dodging        | |  1.5
Stealth        | |  0.7

Action                   |  1- 3 |  4- 6 || total
-------------------------+-------+-------++-------
Melee: Short sword       |    64 |   282 ||   346
       Dagger            |   180 |    14 ||   194
       Falchion          |       |    33 ||    33
Evoke: Wand              |    10 |    22 ||    32
 Stab: Paralysed         |     2 |       ||     2
       Distracted        |     1 |       ||     1
Armor: Leather armour    |    29 |     3 ||    32
       Ring mail         |    40 |    12 ||    52
       Plate armour      |       |    13 ||    13
       Chain mail        |       |   193 ||   193
Dodge: Dodged            |   126 |   118 ||   244
Block: Buckler           |       |    13 ||    13
